[Event "Titled Tuesday Blitz October 31 Late 2023"]
[White "dodoucb"]
[Black "Souza, Gustavo Horokoski De"]
[BlackFideId "2146584"]
[WhiteElo "2544"]
[BlackElo "2175"]
[Result "1-0"]
[Round "1"]
[TimeControl "180+1"]
[Date "2023.10.31"]
[WhiteClock "0:00:05"]
[BlackClock "0:00:01"]
[Board "157"]

1. d4 Nf6 2. c4 c5 3. d5 e6 4. Nc3 exd5 5. cxd5 d6 6. e4 g6 7. Be2 Bg7 8. Nf3 Bg4 9. Nd2 Bxe2 10. Qxe2 O-O 11. O-O Nbd7 12. Nc4 Qe7 13. Bf4 Ne8 14. Rad1 a6 15. a4 Ne5 16. Nxe5 Bxe5 17. Bxe5 Qxe5 18. f4 Qe7 19. e5 Rd8 20. Rfe1 dxe5 21. fxe5 Ng7 22. d6 Qh4 23. Nd5 Nf5 24. Qf2 Qg5 25. Re4 Kg7 26. Nf6 Nxd6 27. exd6 Qxf6 28. Qxc5 Rfe8 29. Rxe8 Rxe8 30. d7 Rd8 31. b4 Qe6 32. Qd4+ Qf6 33. Qd5 Qb6+ 34. Kh1 Qc6 35. Qe5+ Qf6 36. Qc7 h5 37. h3 b5 38. a5 h4 39. Qb6 Qe7 40. Qd4+ Kh7 41. Qd5 Kg7 42. Qc5 Qf6 43. Qc7 Kh7 44. Qd6 Qxd6 45. Rxd6 Kg7 46. Kh2 Kf8 47. Rxa6 Rxd7 48. Rb6 Rd5 49. a6 Rd7 50. Rb7 Rd6 51. a7 1-0


[Site "https://www.chess.com"]

[Event "Titled Tuesday Blitz October 31 Late 2023"]
[White "Fernandez Hernandez, Gerardo"]
[Black "ArmanGhevondyanchess"]
[WhiteFideId "2207400"]
[WhiteElo "2167"]
[BlackElo "2539"]
[Result "0-1"]
[Round "1"]
[TimeControl "180+1"]
[Date "2023.10.31"]
[WhiteClock "0:01:30"]
[BlackClock "0:02:44"]
[Board "158"]

1. e4 c5 2. Nc3 Nc6 3. f4 g6 4. Nf3 Bg7 5. a3 d6 6. Bc4 e6 7. d3 Nge7 8. O-O O-O 9. Qe1 Nd4 10. Nxd4 cxd4 11. Ne2 d5 12. Bb3 dxe4 13. dxe4 d3 14. Ng3 Bd7 15. cxd3 Qb6+ 16. Be3 Qxb3 17. f5 exf5 18. exf5 Nxf5 19. Nxf5 Bxf5 20. Rxf5 gxf5 21. Qh4 Qxd3 22. Bh6 Qd4+ 0-1


[Site "https://www.chess.com"]

[Event "Titled Tuesday Blitz October 31 Late 2023"]
[White "Bazilius, Augustinas"]
[Black "Elbebiber"]
[WhiteFideId "12832251"]
[WhiteElo "2539"]
[BlackElo "2149"]
[Result "0-1"]
[Round "1"]
[TimeControl "180+1"]
[Date "2023.10.31"]
[WhiteClock "0:00:01"]
[BlackClock "0:00:08"]
[Board "159"]

1. d4 e6 2. c4 Nf6 3. Nf3 Bb4+ 4. Bd2 Qe7 5. g3 Nc6 6. e3 Ne4 7. Bg2 Bxd2+ 8. Nfxd2 Nxd2 9. Qxd2 d6 10. O-O O-O 11. Nc3 Re8 12. a3 e5 13. Nd5 Qd8 14. b4 exd4 15. exd4 Ne7 16. Nf4 Rb8 17. Rfe1 Bd7 18. a4 Ng6 19. Rxe8+ Bxe8 20. b5 Nxf4 21. Qxf4 Bd7 22. c5 dxc5 23. dxc5 Be6 24. a5 b6 25. axb6 axb6 26. c6 h6 27. h4 Rc8 28. Bf3 Qf6 29. Qxf6 gxf6 30. Be2 Kf8 31. f3 Ke7 32. Kf2 Kd6 33. Rd1+ Kc5 34. Rc1+ Kd6 35. Ra1 Kc5 36. g4 Bd5 37. Rc1+ Kb4 38. Rb1+ Kc5 39. Rc1+ Kb4 40. Rd1 Kc5 41. Ra1 Kb4 42. Re1 Kc5 43. Rb1 Kd6 44. Rd1 Kc5 45. Rb1 Kd6 46. Ke3 Kc5 47. Kd2 Rd8 48. Ke3 Kd6 49. Rd1 Kc5 50. Kf2 Rd6 51. Rc1+ Kd4 52. Rd1+ Ke5 53. Ra1 Re6 54. Ra7 Re7 55. Kg3 Kd6 56. Bd3 Kc5 57. Bf1 Bc4 58. Bxc4 Kxc4 59. Ra4+ Kxb5 60. Rf4 Re6 61. g5 hxg5 62. hxg5 fxg5 63. Rxf7 Kxc6 64. Kg4 b5 65. Kxg5 Rd6 66. f4 b4 67. f5 b3 68. Rf8 Kb7 69. Rh8 Rc6 70. Rh3 b2 71. f6 b1=Q 72. f7 Qg1+ 73. Kf5 Qf1+ 74. Ke5 Qxh3 0-1


[Site "https://www.chess.com"]

[Event "Titled Tuesday Blitz October 31 Late 2023"]
[White "Petersson, Kjell"]
[Black "Richter, Paul"]
[WhiteFideId "1705148"]
[BlackFideId "2046350"]
[WhiteElo "2148"]
[BlackElo "2538"]
[Result "1-0"]
[Round "1"]
[TimeControl "180+1"]
[Date "2023.10.31"]
[WhiteClock "0:00:16"]
[BlackClock "0:00:03"]
[Board "160"]

1. d4 Nf6 2. Bf4 g6 3. Nc3 d5 4. e3 Bg7 5. Nb5 Na6 6. Nc3 Nb8 7. Nb5 Na6 8. Nc3 O-O 9. Bxa6 bxa6 10. Be5 c5 11. dxc5 Be6 12. b4 a5 13. b5 Qc8 14. Qd4 Bf5 15. Nge2 Rd8 16. O-O g5 17. a4 Qe6 18. c6 Rac8 19. Rac1 h6 20. Ng3 Bg6 21. Rfd1 h5 22. f4 h4 23. Nge2 g4 24. Qxa7 g3 25. h3 Qf5 26. Nd4 Qh5 27. Qxe7 Re8 28. Qd6 Rcd8 29. Qc5 Ne4 30. Nxe4 Bxe5 31. Ng5 Bf6 32. c7 Rc8 33. b6 Bxg5 34. fxg5 Qxg5 35. Nf3 Qf6 36. Rxd5 Be4 37. Rg5+ Kh7 38. Rh5+ Kg7 39. Qg5+ Qxg5 40. Rxg5+ Kf6 41. Rc5 Bb7 42. Re1 Re4 43. Rxa5 Rce8 44. Ra7 Rxe3 45. Rxe3 Rxe3 46. Kf1 Ra3 47. Rxb7 Ra1+ 48. Ke2 Ra2 49. Kd3 Rxc2 50. Kxc2 1-0


[Site "https://www.chess.com"]

[Event "Titled Tuesday Blitz October 31 Late 2023"]
[White "Gurevich, Dmitry"]
[Black "VitaliyChayka"]
[WhiteFideId "2000407"]
[WhiteElo "2537"]
[BlackElo "2147"]
[Result "1/2-1/2"]
[Round "1"]
[TimeControl "180+1"]
[Date "2023.10.31"]
[WhiteClock "0:00:08"]
[BlackClock "0:00:08"]
[Board "161"]

1. d4 g6 2. c4 c5 3. d5 e5 4. e4 d6 5. Nc3 h5 6. h4 a6 7. a4 Bh6 8. a5 Nd7 9. Nf3 f6 10. Be2 Rb8 11. Bxh6 Nxh6 12. Nd2 Nf8 13. g3 Bd7 14. Nf1 Kf7 15. Qd2 Kg7 16. f4 Bg4 17. fxe5 fxe5 18. Ne3 Bxe2 19. Qxe2 Nh7 20. O-O Qd7 21. Rab1 Rhf8 22. Rxf8 Rxf8 23. Rf1 Rxf1+ 24. Qxf1 Nf6 25. b3 Qd8 26. Qa1 Qd7 27. Kg2 Nhg4 28. Qc1 Qd8 29. Nxg4 Nxg4 30. Qg5 Qf8 31. Qd2 Qd8 32. Nd1 b6 33. axb6 Qxb6 34. Qc3 Qb7 35. Nf2 Nf6 36. Qf3 Qb4 37. g4 hxg4 38. Nxg4 Nh5 39. Nf2 Nf4+ 40. Kf1 Qd2 41. Qg4 Qc1+ 42. Qd1 Qc3 43. Qg4 Qc1+ 44. Qd1 Qb2 45. Qg4 Qc1+ 1/2-1/2


[Site "https://www.chess.com"]

[Event "Titled Tuesday Blitz October 31 Late 2023"]
[White "Curtis, John"]
[Black "Toncheva, Nadya"]
[WhiteFideId "3200256"]
[BlackFideId "2924056"]
[WhiteElo "2136"]
[BlackElo "2537"]
[Result "1-0"]
[Round "1"]
[TimeControl "180+1"]
[Date "2023.10.31"]
[WhiteClock "0:00:54"]
[BlackClock "0:00:02"]
[Board "162"]

1. e4 c5 2. Nf3 Nc6 3. Bb5 e6 4. Bxc6 bxc6 5. e5 f6 6. O-O Qc7 7. Re1 Ne7 8. b3 Ng6 9. Bb2 Be7 10. Na3 O-O 11. Nc4 Ba6 12. d3 Bxc4 13. dxc4 fxe5 14. Nxe5 Bf6 15. Nxg6 hxg6 16. Bxf6 gxf6 17. Qg4 Kf7 18. Rad1 Rh8 19. h3 Rh5 20. Rd3 Rf5 21. Red1 d5 22. cxd5 cxd5 23. c4 d4 24. b4 e5 25. Qe4 Rd8 26. bxc5 Qxc5 27. Rb1 Rd7 28. Rb7 Rxb7 29. Qxb7+ Qe7 30. Qd5+ Kg7 31. f3 Qb4 32. Qd7+ Kh6 33. Qe8 Qe1+ 34. Kh2 Qe2 35. h4 Kg7 36. Rb3 g5 37. h5 Rxf3 38. Rb7+ Kh6 39. Qg6# 1-0


[Site "https://www.chess.com"]

[Event "Titled Tuesday Blitz October 31 Late 2023"]
[White "Osmak, Yuliia"]
[Black "miraitrunks"]
[WhiteFideId "14101602"]
[WhiteElo "2536"]
[BlackElo "2086"]
[Result "1-0"]
[Round "1"]
[TimeControl "180+1"]
[Date "2023.10.31"]
[WhiteClock "0:00:47"]
[BlackClock "0:01:08"]
[Board "163"]

1. e4 c5 2. Nf3 d6 3. Bb5+ Bd7 4. Bxd7+ Qxd7 5. O-O g6 6. c3 Bg7 7. d4 cxd4 8. cxd4 Nf6 9. Nc3 O-O 10. h3 Nc6 11. e5 dxe5 12. dxe5 Qxd1 13. Rxd1 Ne8 14. Bf4 Nc7 15. Rd7 Rac8 16. Rad1 Rfd8 17. Bg3 Rxd7 18. Rxd7 Kf8 19. e6 Nxe6 20. Rxb7 Na5 21. Rxa7 Nc4 22. Nd5 Bxb2 23. Nxe7 Rd8 24. Nc6 Rd1+ 25. Kh2 h5 26. a4 Nd2 27. Nxd2 Rxd2 28. a5 f5 29. a6 f4 30. Bh4 g5 31. Re7 gxh4 32. a7 1-0


[Site "https://www.chess.com"]

[Event "Titled Tuesday Blitz October 31 Late 2023"]
[White "Oliveira, Tiago Batista"]
[Black "Deeper44"]
[WhiteFideId "2108291"]
[WhiteElo "2050"]
[BlackElo "2535"]
[Result "0-1"]
[Round "1"]
[TimeControl "180+1"]
[Date "2023.10.31"]
[WhiteClock "0:00:00"]
[BlackClock "0:00:15"]
[Board "164"]

1. d4 Nf6 2. c4 g6 3. Nc3 Bg7 4. e4 d6 5. Nf3 O-O 6. Be2 Na6 7. h3 e5 8. Be3 exd4 9. Bxd4 Re8 10. Qb1 Nc5 11. Bxc5 dxc5 12. O-O c6 13. Rd1 Qe7 14. Bd3 Nh5 15. Ne2 a5 16. Qc2 Qf6 17. Rab1 Be6 18. a3 Rad8 19. b4 axb4 20. axb4 cxb4 21. Rxb4 Bxh3 22. e5 Qe7 23. gxh3 Qxb4 24. Rb1 Qa3 25. Be4 Re7 26. c5 Red7 27. Rb3 Qa1+ 28. Kg2 Bh6 29. Qc4 Re7 30. Rd3 Qa8 31. Rd6 Rde8 32. e6 Rxe6 33. Rxe6 Rxe6 34. Bc2 Qe8 35. Bb3 Rxe2 0-1


[Site "https://www.chess.com"]

[Event "Titled Tuesday Blitz October 31 Late 2023"]
[White "JackRodgers"]
[Black "Sailer, Mike"]
[BlackFideId "2012901"]
[WhiteElo "2535"]
[BlackElo "2049"]
[Result "1-0"]
[Round "1"]
[TimeControl "180+1"]
[Date "2023.10.31"]
[WhiteClock "0:00:02"]
[BlackClock "0:00:00"]
[Board "165"]

1. d4 g6 2. h4 h5 3. e4 Bg7 4. Be3 c5 5. c3 cxd4 6. Bxd4 Nf6 7. Nh3 d6 8. Ng5 Nc6 9. Bc4 e6 10. Be3 O-O 11. O-O Ne5 12. Be2 b6 13. Qd2 Bb7 14. f3 d5 15. exd5 Nxd5 16. Bd4 Qc7 17. f4 Ng4 18. Bxg7 Kxg7 19. Bxg4 hxg4 20. Na3 Rad8 21. Qf2 Ba6 22. c4 Nf6 23. Rae1 Bb7 24. Rxe6 g3 25. Qxg3 Qc5+ 26. Kh2 Rd2 27. Rg1 Qf5 28. Rxf6 Qxf6 29. Kh3 Qf5+ 30. Kh2 Re8 31. Nb5 Ree2 32. Nf3 Bxf3 33. Qxf3 Qf6 34. Qg3 Qf5 35. Nc7 Rf2 36. Nd5 Qe4 37. Qc3+ 1-0


[Site "https://www.chess.com"]

[Event "Titled Tuesday Blitz October 31 Late 2023"]
[White "leonidsh29"]
[Black "Sreyas Payyappat"]
[BlackFideId "46674969"]
[WhiteElo "2038"]
[BlackElo "2535"]
[Result "0-1"]
[Round "1"]
[TimeControl "180+1"]
[Date "2023.10.31"]
[WhiteClock "0:00:00"]
[BlackClock "0:00:10"]
[Board "166"]

1. d4 Nf6 2. c4 c5 3. Nf3 e6 4. Nc3 cxd4 5. Nxd4 Nc6 6. Nxc6 bxc6 7. g3 Bc5 8. Bg2 O-O 9. O-O d5 10. a3 a5 11. e4 Ba6 12. exd5 Bxc4 13. dxc6 Bxf1 14. Qxf1 Qb6 15. Na4 Qa7 16. Nxc5 Qxc5 17. Be3 Qe7 18. Rc1 Rfc8 19. c7 Nd5 20. Bxd5 exd5 21. Bb6 Qd6 22. Qb5 d4 23. Qc6 Qxc6 24. Rxc6 Kf8 25. Rd6 Ke7 26. Rd8 Rxd8 27. cxd8=Q+ Rxd8 28. Bxd8+ Kxd8 29. b3 Kc7 30. Kf1 Kc6 31. Ke2 Kd5 32. Kd3 f5 33. f3 g6 34. b4 a4 35. b5 Kc5 36. b6 Kxb6 37. Kxd4 Kb5 38. Kd5 h6 39. f4 g5 40. h3 Kb6 41. Kc4 Kc6 42. Kb4 gxf4 43. gxf4 Kd5 44. Kxa4 Ke4 45. Kb5 Kxf4 46. a4 Ke5 47. a5 f4 48. a6 f3 49. a7 f2 50. a8=Q f1=Q+ 51. Kb6 Qxh3 52. Qb8+ Ke4 53. Qe8+ Kf4 54. Qf7+ Qf5 55. Qc4+ Kg5 56. Qc1+ Kg6 57. Qg1+ Kf6 58. Qd4+ Qe5 59. Qd8+ Kg6 60. Qg8+ Kh5 61. Qf7+ Kh4 62. Qf2+ Qg3 63. Qf6+ Qg5 64. Qf2+ Kg4 65. Qg2+ Kf4 66. Qd2+ Kf3 67. Qd1+ Kg2 68. Qg4+ Qxg4 0-1


[Site "https://www.chess.com"]

[Event "Titled Tuesday Blitz October 31 Late 2023"]
[White "Shubenkova, Veronika"]
[Black "Freeeeeeeeeeeeeeeeee"]
[WhiteFideId "44124040"]
[WhiteElo "2534"]
[BlackElo "2028"]
[Result "1-0"]
[Round "1"]
[TimeControl "180+1"]
[Date "2023.10.31"]
[WhiteClock "0:01:21"]
[BlackClock "0:00:09"]
[Board "167"]

1. e4 e5 2. Nf3 Nc6 3. Bb5 d6 4. O-O Bd7 5. d4 Nf6 6. d5 Ne7 7. Bd3 Ng6 8. c4 Be7 9. Nc3 O-O 10. Be3 Nh5 11. Nd2 Nhf4 12. Qc2 Bg5 13. Rae1 b6 14. Ne2 Bg4 15. h3 Bc8 16. Nf3 Bh6 17. Kh2 Nh4 18. Nxh4 Qxh4 19. Bxf4 exf4 20. Ng1 Qf6 21. Nf3 Re8 22. Re2 g6 23. Rfe1 Bg7 24. e5 dxe5 25. Rxe5 Rxe5 26. Rxe5 Bd7 27. b4 Qd6 28. c5 Qf8 29. Re2 a5 30. c6 Be8 31. b5 Rd8 32. Qc4 Qd6 33. Bc2 Qxd5 34. Rxe8+ Bf8 35. Qxd5 Rxd5 36. Bb3 Rxb5 37. Ne5 Kg7 38. Nxf7 Rxb3 39. axb3 Kxf7 40. Rd8 Bd6 41. Rxd6 cxd6 42. c7 1-0


[Site "https://www.chess.com"]

[Event "Titled Tuesday Blitz October 31 Late 2023"]
[White "Djordjevic, Dejan N"]
[Black "Sturt, Raven"]
[WhiteFideId "913316"]
[BlackFideId "2007304"]
[WhiteElo "2018"]
[BlackElo "2534"]
[Result "1/2-1/2"]
[Round "1"]
[TimeControl "180+1"]
[Date "2023.10.31"]
[WhiteClock "0:00:01"]
[BlackClock "0:00:05"]
[Board "168"]

1. e4 e5 2. Nf3 Nc6 3. Bc4 Nf6 4. d3 Be7 5. O-O d6 6. Re1 O-O 7. c3 Na5 8. Bb5 a6 9. Ba4 b5 10. Bc2 c5 11. h3 h6 12. d4 cxd4 13. cxd4 Nc6 14. a3 Qc7 15. Nc3 exd4 16. Nxd4 Bb7 17. Bf4 Ne5 18. Nf5 Rfe8 19. Rc1 Nc4 20. Bb1 Nxb2 21. Nd5 Bxd5 22. Rxc7 Nxd1 23. Nxe7+ Rxe7 24. Rxe7 Bb3 25. Bxd6 Nc3 26. Bb4 Na4 27. Rc1 a5 28. Bd2 Be6 29. f4 Nb2 30. f5 Bc4 31. Bc3 Na4 32. Ba1 Nc5 33. Bxf6 gxf6 34. Kh2 Rc8 35. Kg3 Kf8 36. Ra7 a4 37. Kh4 Rd8 38. Rc7 Nb3 39. R1xc4 bxc4 40. Rxc4 Nd2 41. Rb4 Rc8 42. Bd3 Rc3 43. Bb5 Rxa3 44. Bxa4 Rc3 45. Bb5 Ke7 46. g4 Kd6 47. Rd4+ Kc5 48. Rxd2 Kxb5 49. Re2 Kc5 50. e5 fxe5 51. Rxe5+ Kd6 52. Re4 Rd3 53. Re8 Kd7 54. Rh8 Ke7 55. Rxh6 f6 56. Rh7+ Kf8 57. Rb7 Kg8 58. Rc7 Kf8 59. Rh7 Re3 60. g5 fxg5+ 61. Kxg5 Ra3 62. h4 Kg8 63. Rd7 Ra1 64. h5 Kf8 65. h6 Kg8 66. Rg7+ Kh8 67. Rc7 Kg8 68. Kg6 Rg1+ 69. Kf6 Ra1 70. Rc8+ Kh7 71. Rc7+ Kxh6 72. Rc3 Ra6+ 73. Kf7 Kg5 74. Rf3 Rf6+ 75. Ke7 Rxf5 76. Rxf5+ Kxf5 1/2-1/2


[Site "https://www.chess.com"]

[Event "Titled Tuesday Blitz October 31 Late 2023"]
[White "Likvidator228"]
[Black "Desideri, Ricardo Maruchi"]
[BlackFideId "2110440"]
[WhiteElo "2530"]
[BlackElo "1951"]
[Result "1-0"]
[Round "1"]
[TimeControl "180+1"]
[Date "2023.10.31"]
[WhiteClock "0:00:25"]
[BlackClock "0:00:08"]
[Board "169"]

1. f4 e5 2. fxe5 d6 3. exd6 Bxd6 4. Nf3 g5 5. g3 g4 6. Nh4 Ne7 7. d4 Ng6 8. Ng2 O-O 9. e4 Nc6 10. c3 Re8 11. Bd3 f5 12. e5 Bxe5 13. dxe5 Rxe5+ 14. Kf2 Qe7 15. Re1 Be6 16. Bf4 Rd5 17. Qe2 Re8 18. Bc4 Qc5+ 19. Be3 Nd4 20. cxd4 Rxd4 21. Bxd4 Qxd4+ 22. Ne3 f4 23. gxf4 Nxf4 24. Qxg4+ Kh8 25. Bxe6 Qxb2+ 26. Kf1 Qxa1 27. Qxf4 Rxe6 28. Qf8# 1-0


[Site "https://www.chess.com"]

[Event "Titled Tuesday Blitz October 31 Late 2023"]
[White "Burke, Paul"]
[Black "TimGrutter03"]
[WhiteFideId "2605767"]
[WhiteElo "1890"]
[BlackElo "2527"]
[Result "0-1"]
[Round "1"]
[TimeControl "180+1"]
[Date "2023.10.31"]
[WhiteClock "0:00:07"]
[BlackClock "0:00:35"]
[Board "170"]

1. e4 e5 2. Nf3 Nc6 3. Bc4 Bc5 4. b4 Bd6 5. c3 Nf6 6. Ng5 O-O 7. Nxf7 Rxf7 8. Bxf7+ Kxf7 9. Qb3+ Kf8 10. d3 Qe8 11. O-O Qf7 12. Qxf7+ Kxf7 13. f4 exf4 14. Bxf4 Bxf4 15. Rxf4 d6 16. Nd2 a5 17. b5 Ne5 18. d4 Ng6 19. Rff1 Bd7 20. a4 Re8 21. Rae1 Kg8 22. c4 c5 23. e5 dxe5 24. dxc5 Rc8 25. Nb3 Ra8 26. Rd1 Be6 27. Rc1 e4 28. Rfe1 Ne5 29. Nd2 Nd3 30. Nxe4 Nxe4 31. Rxe4 Nxc1 32. Rxe6 Nb3 33. c6 bxc6 34. Rxc6 Kf7 35. Rc7+ Kf6 36. b6 Nd4 37. b7 Rb8 38. c5 Ne6 39. Rd7 Nxc5 40. Rd6+ Ke7 41. Rc6 Nxb7 42. Rb6 Kd7 43. Rb5 Kc7 44. g3 Rd8 45. Kg2 Rd4 46. Rg5 g6 47. Re5 Kc6 48. Re7 Rd7 49. Re5 Nc5 50. h4 Ra7 51. Kh3 Nxa4 52. g4 Nc5 53. h5 gxh5 54. gxh5 a4 0-1


[Site "https://www.chess.com"]

[Event "Titled Tuesday Blitz October 31 Late 2023"]
[White "Lamaze, Simon"]
[Black "Nihal Sarin"]
[WhiteFideId "36069264"]
[BlackFideId "25092340"]
[WhiteElo "2641"]
[BlackElo "3128"]
[Result "0-1"]
[Round "2"]
[TimeControl "180+1"]
[Date "2023.10.31"]
[WhiteClock "0:00:04"]
[BlackClock "0:00:20"]
[Board "1"]

1. e4 Nf6 2. e5 Ng8 3. d4 d6 4. exd6 cxd6 5. Nf3 Nf6 6. Be2 g6 7. O-O Bg7 8. c4 O-O 9. Nc3 Bg4 10. h3 Bxf3 11. Bxf3 Nc6 12. Be3 Rc8 13. Rc1 Nd7 14. b3 Qa5 15. Re1 Rfd8 16. Qd2 Re8 17. Bg4 Rcd8 18. d5 Nce5 19. Be2 Nf6 20. f4 Ned7 21. Bf3 a6 22. Qe2 Rc8 23. Bd2 Bh6 24. g4 Bg7 25. g5 Nh5 26. Bxh5 gxh5 27. Qxh5 b5 28. Qg4 Nc5 29. Rxe7 Nd3 30. Ne4 Qb6+ 31. Kh1 Nf2+ 32. Nxf2 Qxf2 33. Be3 Qxa2 34. Re1 Rxe7 35. Qxc8+ Bf8 36. c5 Qxb3 37. cxd6 Qxd5+ 38. Kg1 Qxd6 39. Kf2 Qe6 40. Qxe6 Rxe6 41. Rc1 Re8 42. Bb6 Rb8 43. Bd4 b4 44. Rc6 Ra8 45. Ke2 a5 46. Kd3 a4 47. Kc4 b3 48. h4 Bg7 49. Bc5 b2 50. Rb6 a3 51. Bb4 a2 0-1


[Site "https://www.chess.com"]

[Event "Titled Tuesday Blitz October 31 Late 2023"]
[White "Martinez Alcantara, Jose Eduardo"]
[Black "Matinian, Nikita"]
[WhiteFideId "3805662"]
[BlackFideId "24129100"]
[WhiteElo "3118"]
[BlackElo "2640"]
[Result "1-0"]
[Round "2"]
[TimeControl "180+1"]
[Date "2023.10.31"]
[WhiteClock "0:01:00"]
[BlackClock "0:00:00"]
[Board "2"]

1. e4 c5 2. Nf3 d6 3. c3 Nf6 4. h3 g6 5. Bd3 Bg7 6. Bc2 O-O 7. d4 e5 8. dxc5 dxc5 9. Qxd8 Rxd8 10. Be3 b6 11. Nbd2 Bb7 12. Nxe5 Re8 13. Nec4 Nxe4 14. Bxe4 Bxe4 15. Nd6 Bxg2 16. Nxe8 Bxh1 17. Nc7 Nd7 18. Nxa8 Bxa8 19. Nc4 Bd5 20. O-O-O Be6 21. Nd6 Bxh3 22. Ne8 h5 23. Nxg7 Kxg7 24. a4 f6 25. b4 g5 26. f4 cxb4 27. cxb4 gxf4 28. Bxf4 Kg6 29. Bg3 Ne5 30. Rd8 Nc6 31. Rg8+ Kf7 32. Ra8 Nxb4 33. Rxa7+ Kg6 34. Kd2 Nd5 35. Ra8 Bg2 36. Bf2 Kf5 37. Rb8 Kg4 38. Ke1 f5 39. Rg8+ Kh3 40. Rg5 h4 41. Rh5 Kg4 42. Rxh4+ Kf3 43. Rd4 Nc3 44. Rd3+ 1-0


[Site "https://www.chess.com"]

[Event "Titled Tuesday Blitz October 31 Late 2023"]
[White "Volkov, Maksim"]
[Black "Andreikin, Dmitry"]
[WhiteFideId "54123070"]
[BlackFideId "4158814"]
[WhiteElo "2640"]
[BlackElo "3108"]
[Result "0-1"]
[Round "2"]
[TimeControl "180+1"]
[Date "2023.10.31"]
[WhiteClock "0:00:04"]
[BlackClock "0:01:05"]
[Board "3"]

1. d4 d5 2. c4 e6 3. Nf3 a6 4. g3 dxc4 5. Bg2 b5 6. Ne5 Ra7 7. a4 Bb7 8. O-O Bxg2 9. Kxg2 Rb7 10. axb5 axb5 11. b3 cxb3 12. Bb2 Nf6 13. Nd2 Be7 14. Nxb3 O-O 15. f3 Rb6 16. Qc2 Nd5 17. Kf2 Nb4 18. Qc3 N8c6 19. Rfd1 Nd5 20. Qc1 Nxe5 21. dxe5 Qc8 22. Bd4 c5 23. e4 Nb4 24. Be3 Rc6 25. Na5 Ra6 26. Qb2 c4 27. Kg2 h5 28. Bd2 Qc5 29. Nb7 Qb6 30. Bxb4 Rxa1 31. Rxa1 Bxb4 32. Qxb4 Qxb7 33. Rb1 Rb8 34. h4 g6 35. Kh3 Qc7 36. f4 c3 37. Rc1 c2 38. Qb3 Rc8 39. Qxb5 Qc3 40. Qe2 Rc4 41. Kh2 Qb2 42. Qd2 Rd4 43. Qe1 Rxe4 44. Qd2 Re2+ 0-1


[Site "https://www.chess.com"]

[Event "Titled Tuesday Blitz October 31 Late 2023"]
[White "Hakobyan, Aram"]
[Black "Schwabeneder, Florian"]
[WhiteFideId "13306677"]
[BlackFideId "1626191"]
[WhiteElo "3069"]
[BlackElo "2632"]
[Result "1-0"]
[Round "2"]
[TimeControl "180+1"]
[Date "2023.10.31"]
[WhiteClock "0:00:08"]
[BlackClock "0:00:00"]
[Board "4"]

1. d4 Nf6 2. c4 e6 3. Nc3 d5 4. Nf3 Bb4 5. Qa4+ Nc6 6. a3 Bxc3+ 7. bxc3 Ne4 8. Bf4 O-O 9. e3 Bd7 10. Qc2 Na5 11. Bd3 c5 12. cxd5 exd5 13. O-O cxd4 14. cxd4 Rc8 15. Qb1 Bf5 16. Qb4 Bg6 17. Ne5 b6 18. Rac1 Nf6 19. Nxg6 hxg6 20. Ba6 Rc6 21. Bb5 Rc8 22. Bd6 Nc4 23. Bxc4 dxc4 24. Bxf8 Qxf8 25. Rxc4 Rxc4 26. Qxc4 Qxa3 27. Qc8+ Kh7 28. Qh3+ Kg8 29. Qc8+ Kh7 30. Rc1 g5 31. h3 Kg6 32. Qc2+ Kh6 33. Rd1 Nd5 34. Qc6+ Nf6 35. d5 Qb3 36. Rd4 Qb1+ 37. Kh2 Qf1 38. Qc2 Qb5 39. d6 Qd7 40. Qc7 Qf5 41. d7 Qxf2 42. d8=Q g4 43. Qf4+ Qxf4+ 44. Rxf4 g3+ 45. Kxg3 1-0


[Site "https://www.chess.com"]

[Event "Titled Tuesday Blitz October 31 Late 2023"]
[White "Paravyan, David"]
[Black "Pinheiro, Iung Alicio de O."]
[WhiteFideId "4194985"]
[BlackFideId "2104350"]
[WhiteElo "3053"]
[BlackElo "2631"]
[Result "1/2-1/2"]
[Round "2"]
[TimeControl "180+1"]
[Date "2023.10.31"]
[WhiteClock "0:00:55"]
[BlackClock "0:00:14"]
[Board "5"]

1. e4 c5 2. Nf3 Nc6 3. Bb5 e6 4. Bxc6 bxc6 5. d3 Ne7 6. Nbd2 f6 7. e5 Ng6 8. Nc4 Qc7 9. Qe2 Ba6 10. b3 Bxc4 11. bxc4 fxe5 12. h4 d6 13. h5 Ne7 14. Ng5 Qd7 15. g4 Ng8 16. f4 h6 17. Ne4 exf4 18. Bxf4 Be7 19. O-O Nf6 20. Nxf6+ Bxf6 21. Rae1 Bd4+ 22. Be3 e5 23. Bxd4 cxd4 24. Qe4 O-O-O 25. Rf5 Rhf8 26. Ref1 Rxf5 27. Rxf5 Kc7 28. c5 Re8 29. cxd6+ Qxd6 30. Kg2 Re7 31. Rf8 Qd5 32. Kf3 Qxa2 33. Qf5 Qd5+ 34. Kg3 Qd7 35. Qh7 e4 36. dxe4 d3 37. cxd3 Qxd3+ 38. Rf3 Qd6+ 39. Kh3 Qd1 40. Qf5 Qh1+ 41. Kg3 Qg1+ 42. Kh3 Qh1+ 43. Kg3 Qg1+ 44. Kh3 Qh1+ 1/2-1/2


[Site "https://www.chess.com"]

[Event "Titled Tuesday Blitz October 31 Late 2023"]
[White "Principe, Gerson"]
[Black "Pranav, V"]
[WhiteFideId "3804550"]
[BlackFideId "25060783"]
[WhiteElo "2628"]
[BlackElo "3046"]
[Result "0-1"]
[Round "2"]
[TimeControl "180+1"]
[Date "2023.10.31"]
[WhiteClock "0:00:00"]
[BlackClock "0:00:56"]
[Board "6"]

1. d4 Nf6 2. Nf3 b6 3. e3 Bb7 4. Be2 g6 5. O-O Bg7 6. b3 O-O 7. Bb2 c5 8. c4 d6 9. Nc3 Nbd7 10. Rc1 Re8 11. d5 a6 12. a4 Nf8 13. e4 e6 14. Qd2 exd5 15. exd5 Bc8 16. h3 Bf5 17. Rfe1 h5 18. Bd3 Qd7 19. Bb1 Bxb1 20. Rxb1 Qf5 21. Rbd1 N8h7 22. Rxe8+ Rxe8 23. Re1 Rxe1+ 24. Nxe1 Ng5 25. Qd3 Nfe4 26. Nxe4 Nxe4 27. Qe2 Nc3 28. Qd3 Ne4 29. Qe2 Bxb2 30. Qxb2 Nf6 31. Qc2 Qe5 32. Nf3 Qa1+ 33. Kh2 Kg7 34. g3 Qf1 35. Ng5 b5 36. axb5 axb5 37. Nf3 bxc4 38. bxc4 Qa1 39. Kg2 Nd7 40. Qe2 Qf6 41. Qe3 Nb6 42. Qd3 Nd7 43. h4 Qb2 44. Nd2 Ne5 45. Qe3 Qc2 46. Kh3 Nxc4 47. Nxc4 Qxc4 48. Qf3 Qd4 49. Kh2 c4 0-1


[Site "https://www.chess.com"]

[Event "Titled Tuesday Blitz October 31 Late 2023"]
[White "Terry, Renato"]
[Black "Seemann, Jakub"]
[WhiteFideId "3803457"]
[BlackFideId "21874697"]
[WhiteElo "3023"]
[BlackElo "2628"]
[Result "1-0"]
[Round "2"]
[TimeControl "180+1"]
[Date "2023.10.31"]
[WhiteClock "0:01:14"]
[BlackClock "0:00:00"]
[Board "7"]

1. e4 c5 2. Nf3 d6 3. Bb5+ Nd7 4. d4 cxd4 5. Qxd4 a6 6. Bxd7+ Bxd7 7. Bg5 Nf6 8. Nc3 e6 9. O-O-O Be7 10. e5 dxe5 11. Nxe5 Bc6 12. Nxc6 bxc6 13. Bxf6 Bxf6 14. Qc5 Qc7 15. Nd5 exd5 16. Rhe1+ Kd7 17. Rxd5+ cxd5 18. Qxd5+ Kc8 19. Qxa8+ Qb8 20. Qc6+ Qc7 21. Qa8+ Qb8 22. Qxa6+ Qb7 23. Qxb7+ Kxb7 24. c3 h5 25. a4 h4 26. Kc2 Rh5 27. b4 Rf5 28. Re2 h3 29. gxh3 Rf3 30. Re3 Rxf2+ 31. Kb3 Rxh2 32. a5 Rf2 33. Rd3 Be5 34. c4 f5 35. b5 f4 36. c5 f3 37. a6+ Kc8 38. a7 Kb7 39. Rd7+ Ka8 40. b6 Bf6 41. Rc7 Rb2+ 42. Ka3 1-0


[Site "https://www.chess.com"]

[Event "Titled Tuesday Blitz October 31 Late 2023"]
[White "Bjelobrk, Igor"]
[Black "Yoo, Christopher Woojin"]
[WhiteFideId "4300726"]
[BlackFideId "30909694"]
[WhiteElo "2626"]
[BlackElo "3012"]
[Result "0-1"]
[Round "2"]
[TimeControl "180+1"]
[Date "2023.10.31"]
[WhiteClock "0:00:28"]
[BlackClock "0:00:21"]
[Board "8"]

1. d4 Nf6 2. c4 e6 3. g3 d5 4. Nf3 Bb4+ 5. Bd2 a5 6. Bg2 O-O 7. Qc1 b6 8. O-O Ba6 9. b3 Nbd7 10. Bg5 Be7 11. a4 c5 12. Na3 Rc8 13. Qb2 Ne4 14. Bxe7 Qxe7 15. Rac1 Rc7 16. Rfd1 Rfc8 17. e3 Ndf6 18. Nb5 Bxb5 19. axb5 Nd7 20. dxc5 Ndxc5 21. cxd5 exd5 22. Rxd5 Ne6 23. Rxc7 Qxc7 24. Nd4 Qc1+ 25. Qxc1 Rxc1+ 26. Bf1 g6 27. Nxe6 fxe6 28. Rd8+ Kg7 29. f3 Nc5 30. Kf2 Nxb3 31. Rd6 a4 32. Rxb6 a3 33. Ra6 Rc2+ 34. Be2 a2 35. b6 a1=Q 0-1


[Site "https://www.chess.com"]